[Event "FIDE Women World Rapid 2024"]
[Site "New York"]
[Date "2024.12.27"]
[Round "7.20"]
[White "Sukandar, Irine Kharisma"]
[Black "Mammadova, Gulnar"]
[Result "1-0"]
[ECO "D05"]
[WhiteElo "2330"]
[BlackElo "2333"]
[Annotator "ChessBase"]
[PlyCount "53"]
[EventDate "2024.12.14"]
[EventType "swiss"]
[EventCountry "USA"]
[SourceTitle "playchess.com"]
[Source "ChessBase"]
[SourceQuality "1"]
[TimeControl "900+10"]

1. d4 Nf6 2. Nf3 d5 3. b3 e6 4. e3 Be7 5. Bd3 a5 6. a4 O-O 7. O-O b6 8. Bb2 c5 9. Ne5 Qc7 10. Nc3 Ba6 11. Nb5 Qb7 12. c4 Nc6 13. Rc1 Nb4 14. Bb1 Rad8 15. cxd5 Rxd5 16. Qf3 Rdd8 17. Qh3 g6 18. Qh6 Ne4 19. dxc5 Bg5 20. Ng4 f6 21. Bxe4 Qxe4 22. Qxg5 Nd5 23. Bxf6 h5 24. Nh6+ Kh7 25. Bxd8 bxc5 26. Nd6 Qb4 27. Nhf7 1-0

[Event "FIDE Women World Rapid 2024"]
[Site "New York"]
[Date "2024.12.27"]
[Round "7.20"]
[White "Sultanbek, Zeinep"]
[Black "Zhukova, Natalia"]
[Result "1/2-1/2"]
[ECO "D41"]
[WhiteElo "2101"]
[BlackElo "2302"]
[Annotator "ChessBase"]
[PlyCount "45"]
[EventDate "2024.12.14"]
[EventType "swiss"]
[EventCountry "USA"]
[SourceTitle "playchess.com"]
[Source "ChessBase"]
[SourceQuality "1"]
[TimeControl "900+10"]

1. Nf3 d5 2. g3 c5 3. Bg2 Nc6 4. d4 e6 5. O-O Nf6 6. c4 Be7 7. Nc3 O-O 8. cxd5 Nxd5 9. e4 Ndb4 10. d5 Nd4 11. Bf4 exd5 12. Nxd4 cxd4 13. Nxd5 Nxd5 14. exd5 Bf6 15. Re1 Bf5 16. h4 h6 17. Be5 d3 18. Qd2 Bh7 19. Bxf6 Qxf6 20. Be4 Qd4 21. Bxh7+ Kxh7 22. Re3 Qxd5 23. Qxd3+ 1/2-1/2

[Event "FIDE Women World Rapid 2024"]
[Site "New York"]
[Date "2024.12.27"]
[Round "7.21"]
[White "Ouellet, Maili-Jade"]
[Black "Castillo Beitia, Ashley Alexandra"]
[Result "1-0"]
[ECO "D15"]
[WhiteElo "2386"]
[BlackElo "2009"]
[Annotator "ChessBase"]
[PlyCount "71"]
[EventDate "2024.12.14"]
[EventType "swiss"]
[EventCountry "USA"]
[SourceTitle "playchess.com"]
[Source "ChessBase"]
[SourceQuality "1"]
[TimeControl "900+10"]

1. d4 d5 2. c4 c6 3. Nc3 Nf6 4. Nf3 a6 5. e3 b5 6. b3 Bg4 7. Be2 Nbd7 8. O-O e6 9. Bb2 Bd6 10. h3 Bf5 11. Nh4 O-O 12. Rc1 Qe7 13. Nxf5 exf5 14. Bf3 Qe6 15. Ne2 Rfc8 16. Qd3 bxc4 17. bxc4 Nb6 18. cxd5 cxd5 19. Ba3 Nc4 20. Bxd6 Qxd6 21. Qxf5 g6 22. Qd3 Ne4 23. Rxc4 dxc4 24. Qxe4 Qa3 25. h4 c3 26. h5 Rab8 27. h6 c2 28. Nc1 Qf8 29. Qf4 Rb5 30. e4 Qe7 31. e5 Rb4 32. Bd5 Rd8 33. Qe4 Qd7 34. e6 Qxd5 35. e7 Rxd4 36. e8=Q+ 1-0

[Event "FIDE Women World Rapid 2024"]
[Site "New York"]
[Date "2024.12.27"]
[Round "7.21"]
[White "Bodnaruk, Anastasia"]
[Black "Vantika Agrawal"]
[Result "1-0"]
[ECO "C02"]
[WhiteElo "2333"]
[BlackElo "2392"]
[Annotator "ChessBase"]
[PlyCount "81"]
[EventDate "2024.12.14"]
[EventType "swiss"]
[EventCountry "USA"]
[SourceTitle "playchess.com"]
[Source "ChessBase"]
[SourceQuality "1"]
[TimeControl "900+10"]

1. e4 e6 2. d4 d5 3. e5 c5 4. c3 Nc6 5. Nf3 Bd7 6. Be2 Nge7 7. Na3 cxd4 8. cxd4 Nf5 9. Nc2 Be7 10. g3 Rc8 11. h4 O-O 12. h5 h6 13. Kf1 a6 14. Kg2 Na5 15. Nce1 Bb5 16. Bxb5 axb5 17. Nd3 f6 18. Nf4 Rc6 19. Ng6 Re8 20. g4 fxe5 21. gxf5 e4 22. Nfe5 Ra6 23. Qg4 exf5 24. Qxf5 Rf6 25. Qg4 Kh7 26. b3 Nc6 27. Be3 Nxe5 28. dxe5 Rf3 29. Rad1 Bb4 30. Nh4 Rff8 31. Qg6+ Kh8 32. Bxh6 gxh6 33. Qxh6+ Kg8 34. Rh3 Kf7 35. Nf5 Rg8+ 36. Rg3 Rxg3+ 37. fxg3 Rxe5 38. Qg6+ Kf8 39. Qg7+ Ke8 40. Qxe5+ Kf7 41. Rf1 1-0

[Event "FIDE Women World Rapid 2024"]
[Site "New York"]
[Date "2024.12.27"]
[Round "7.22"]
[White "Song, Yuxin"]
[Black "Nurman, Alua"]
[Result "1/2-1/2"]
[ECO "B20"]
[WhiteElo "2384"]
[BlackElo "2330"]
[Annotator "ChessBase"]
[PlyCount "63"]
[EventDate "2024.12.14"]
[EventType "swiss"]
[EventCountry "USA"]
[SourceTitle "playchess.com"]
[Source "ChessBase"]
[SourceQuality "1"]
[TimeControl "900+10"]

1. e4 c5 2. Ne2 d6 3. g3 Nc6 4. Bg2 g6 5. c3 Bg7 6. d4 cxd4 7. cxd4 Nf6 8. O-O O-O 9. Nbc3 Bg4 10. Be3 e5 11. d5 Nd4 12. f3 Nxe2+ 13. Qxe2 Bd7 14. a4 Nh5 15. Nb5 f5 16. exf5 gxf5 17. Nxd6 f4 18. Bf2 fxg3 19. hxg3 Nxg3 20. Bxg3 Qb6+ 21. Qf2 Qxd6 22. f4 Qg6 23. Ra3 Kh8 24. Bh2 Qh6 25. Qe3 exf4 26. Rxf4 Rfe8 27. Re4 Qg6 28. Be5 Rac8 29. Bxg7+ Qxg7 30. Rxe8+ Rxe8 31. Qc3 Re2 32. Qxg7+ 1/2-1/2

[Event "FIDE Women World Rapid 2024"]
[Site "New York"]
[Date "2024.12.27"]
[Round "7.22"]
[White "Munkhzul, Davaakhuu"]
[Black "Belenkaya, Dina"]
[Result "0-1"]
[ECO "B11"]
[WhiteElo "2138"]
[BlackElo "2155"]
[Annotator "ChessBase"]
[PlyCount "98"]
[EventDate "2024.12.14"]
[EventType "swiss"]
[EventCountry "USA"]
[SourceTitle "playchess.com"]
[Source "ChessBase"]
[SourceQuality "1"]
[TimeControl "900+10"]

1. e4 c6 2. Nf3 d5 3. Nc3 dxe4 4. Nxe4 Nf6 5. Ng3 h5 6. Bc4 h4 7. Ne2 h3 8. g3 Nbd7 9. d4 Nb6 10. Bb3 Bf5 11. Bg5 e6 12. Ne5 Be7 13. f3 Nfd5 14. Bxe7 Qxe7 15. Qd2 f6 16. Nd3 g5 17. Nc5 O-O-O 18. a4 Nd7 19. Nxd7 Rxd7 20. O-O-O Rhd8 21. g4 Bg6 22. Rhe1 e5 23. dxe5 Nf4 24. Qe3 Ng2 25. Qxa7 Nxe1 26. Rxe1 Qxe5 27. a5 Kc7 28. Qb6+ Kb8 29. Ba4 Qc7 30. Qb4 Qd6 31. Qxd6+ Rxd6 32. c3 Re6 33. Rd1 Rxd1+ 34. Kxd1 Re3 35. Ng1 Kc7 36. Kd2 Re5 37. b4 Rd5+ 38. Ke2 Bd3+ 39. Kf2 Bc4 40. Nxh3 Rd3 41. Ng1 Rxc3 42. Kg3 Bb3 43. Bxb3 Rxb3 44. h4 gxh4+ 45. Kxh4 Rxb4 46. Kh5 Kd6 47. Kg6 Ke6 48. Ne2 c5 49. f4 Re4 0-1

[Event "FIDE Women World Rapid 2024"]
[Site "New York"]
[Date "2024.12.27"]
[Round "7.23"]
[White "Kurmangaliyeva, Liya"]
[Black "Narva, Mai"]
[Result "1/2-1/2"]
[ECO "C54"]
[WhiteElo "2266"]
[BlackElo "2413"]
[Annotator "ChessBase"]
[PlyCount "85"]
[EventDate "2024.12.14"]
[EventType "swiss"]
[EventCountry "USA"]
[SourceTitle "playchess.com"]
[Source "ChessBase"]
[SourceQuality "1"]
[TimeControl "900+10"]

1. e4 e5 2. Nf3 Nc6 3. Bc4 Nf6 4. d3 Bc5 5. c3 d6 6. Bg5 h6 7. Bh4 a5 8. Nbd2 O-O 9. O-O Ba7 10. Re1 Be6 11. Bb5 g5 12. Bg3 Ne7 13. d4 Ng6 14. Bf1 Bg4 15. h3 Bh5 16. Be2 Bxf3 17. Bxf3 exd4 18. Nc4 dxc3 19. bxc3 Bc5 20. e5 d5 21. exf6 dxc4 22. Bxb7 Ra7 23. Qf3 Qd3 24. Rad1 Qxf3 25. Bxf3 Ra6 26. Rd5 Bd6 27. Bxd6 cxd6 28. Red1 Ne5 29. Be2 Rb8 30. Rxd6 Rxd6 31. Rxd6 Rb2 32. Bh5 Rxa2 33. Rd5 Ng6 34. Rc5 Ra1+ 35. Kh2 Ra2 36. Kg3 a4 37. Rxc4 Rc2 38. Rxa4 Rxc3+ 39. Kh2 Rc6 40. Bxg6 fxg6 41. Ra8+ Kf7 42. Rh8 h5 43. Rh7+ 1/2-1/2

[Event "FIDE Women World Rapid 2024"]
[Site "New York"]
[Date "2024.12.27"]
[Round "7.23"]
[White "Stanford, Sheila Barth"]
[Black "Berezovska, Svetlana"]
[Result "1-0"]
[ECO "A03"]
[WhiteElo "2198"]
[BlackElo "1857"]
[Annotator "ChessBase"]
[PlyCount "30"]
[EventDate "2024.12.14"]
[EventType "swiss"]
[EventCountry "USA"]
[SourceTitle "playchess.com"]
[Source "ChessBase"]
[SourceQuality "1"]
[TimeControl "900+10"]

1. f4 d5 2. Nf3 c5 3. e3 Nc6 4. Bb5 Bd7 5. O-O Nf6 6. b3 a6 7. Bxc6 Bxc6 8. Ne5 e6 9. d3 Be7 10. Nd2 O-O 11. Nxc6 bxc6 12. Bb2 Qc7 13. Qe2 Rad8 14. e4 d4 15. Nc4 Nd7 1-0

[Event "FIDE Women World Rapid 2024"]
[Site "New York"]
[Date "2024.12.27"]
[Round "7.24"]
[White "Lu, Miaoyi"]
[Black "Lyutsinger, Iren"]
[Result "0-1"]
[ECO "B90"]
[WhiteElo "2441"]
[BlackElo "2150"]
[Annotator "ChessBase"]
[PlyCount "80"]
[EventDate "2024.12.14"]
[EventType "swiss"]
[EventCountry "USA"]
[SourceTitle "playchess.com"]
[Source "ChessBase"]
[SourceQuality "1"]
[TimeControl "900+10"]

1. e4 c5 2. Nf3 d6 3. d4 cxd4 4. Nxd4 Nf6 5. Nc3 a6 6. Be3 e5 7. Nf3 Be7 8. Bc4 O-O 9. O-O Be6 10. Bb3 Nc6 11. Qe2 Rc8 12. Rfd1 b5 13. h3 Qc7 14. Bg5 Na5 15. Bxf6 Bxf6 16. Nd5 Qc6 17. c3 Nc4 18. Rd3 Bd8 19. g4 g6 20. Kh2 Kg7 21. a4 Qb7 22. axb5 axb5 23. Ne1 Bg5 24. Ng2 Ra8 25. Rxa8 Rxa8 26. Bxc4 bxc4 27. Rd1 h5 28. Nb4 hxg4 29. hxg4 Rh8+ 30. Kg1 Qd7 31. Ne3 Bxe3 32. Qxe3 Bxg4 33. f3 Rh3 34. Qg5 Bxf3 35. Qxe5+ f6 36. Qxd6 Qg4+ 37. Kf2 Bxd1 38. Qe7+ Kh6 39. Qf8+ Kh5 40. Nd5 Qf3+ 0-1

[Event "FIDE Women World Rapid 2024"]
[Site "New York"]
[Date "2024.12.27"]
[Round "7.24"]
[White "Kairbekova, Amina"]
[Black "Guichard, Pauline"]
[Result "1-0"]
[ECO "B12"]
[WhiteElo "2309"]
[BlackElo "2357"]
[Annotator "ChessBase"]
[PlyCount "61"]
[EventDate "2024.12.14"]
[EventType "swiss"]
[EventCountry "USA"]
[SourceTitle "playchess.com"]
[Source "ChessBase"]
[SourceQuality "1"]
[TimeControl "900+10"]

1. e4 c6 2. d4 d5 3. e5 Bf5 4. Nf3 e6 5. Be2 c5 6. Be3 Qb6 7. Nc3 Nc6 8. O-O Qxb2 9. Qe1 cxd4 10. Bxd4 Nxd4 11. Nxd4 Bb4 12. Ndb5 Ba5 13. Rb1 Qxc2 14. Rb3 Ne7 15. Ra3 Bb6 16. Rb3 Bg6 17. g4 Ba5 18. Ra3 Nc6 19. Nd6+ Kf8 20. Nxb7 Bb4 21. Rb3 d4 22. Rxb4 Nxb4 23. Nb5 Nd5 24. Bf3 d3 25. Qa5 Kg8 26. Bxd5 exd5 27. Nc7 Rc8 28. Nxd5 d2 29. Ne7+ Kf8 30. Nxc8 h5 31. Qd8# 1-0

[Event "FIDE Women World Rapid 2024"]
[Site "New York"]
[Date "2024.12.27"]
[Round "7.25"]
[White "Cori T., Deysi"]
[Black "Tokhirjonova, Gulrukhbegim"]
[Result "1-0"]
[ECO "D00"]
[WhiteElo "2353"]
[BlackElo "2385"]
[Annotator "ChessBase"]
[PlyCount "107"]
[EventDate "2024.12.14"]
[EventType "swiss"]
[EventCountry "USA"]
[SourceTitle "playchess.com"]
[Source "ChessBase"]
[SourceQuality "1"]
[TimeControl "900+10"]

1. d4 Nf6 2. Bg5 d5 3. e3 Ne4 4. Bh4 c5 5. c3 Qb6 6. Qb3 c4 7. Qc2 g5 8. f3 Bf5 9. Bxg5 Ng3 10. e4 Nxh1 11. exf5 Bh6 12. Bh4 Be3 13. Nh3 Nc6 14. Na3 O-O-O 15. Bxc4 Bxd4 16. Bb5 Bc5 17. b4 Be3 18. Qe2 Kb8 19. Rd1 d4 20. Bxc6 Qxc6 21. Nc4 Rc8 22. Ne5 Qxc3+ 23. Kf1 f6 24. Nd3 Qc2 25. Nc5 Qxe2+ 26. Kxe2 b6 27. Ne6 Rc2+ 28. Kd3 Rhc8 29. Rxh1 Rxg2 30. Bg3+ Kb7 31. Rd1 Rxa2 32. Nhf4 Bf2 33. Nd5 Ra3+ 34. Ke4 Bxg3 35. hxg3 d3 36. Rxd3 Rc4+ 37. Ke3 Rxd3+ 38. Kxd3 b5 39. Nd4 a6 40. g4 h6 41. Ke3 a5 42. bxa5 Ka6 43. Nc6 Rc1 44. Ndb4+ Kb7 45. a6+ Kb6 46. Nxe7 Re1+ 47. Kd4 Rd1+ 48. Kc3 Rf1 49. Ned5+ Ka7 50. f4 Rc1+ 51. Kd4 Rc8 52. Ke3 Rc4 53. Kd3 Ka8 54. Nb6+ 1-0

[Event "FIDE Women World Rapid 2024"]
[Site "New York"]
[Date "2024.12.27"]
[Round "7.25"]
[White "Derlich, Sarah Sima"]
[Black "Wu, Rochelle"]
[Result "0-1"]
[ECO "B60"]
[WhiteElo "1861"]
[BlackElo "2237"]
[Annotator "ChessBase"]
[PlyCount "108"]
[EventDate "2024.12.14"]
[EventType "swiss"]
[EventCountry "USA"]
[SourceTitle "playchess.com"]
[Source "ChessBase"]
[SourceQuality "1"]
[TimeControl "900+10"]

1. e4 c5 2. Nf3 d6 3. d4 cxd4 4. Nxd4 Nf6 5. Nc3 Nc6 6. Bg5 Bd7 7. Be2 Qa5 8. Bxf6 gxf6 9. O-O Bh6 10. Nd5 Rg8 11. c3 a6 12. Kh1 Rc8 13. Qb3 Nxd4 14. cxd4 Qd2 15. Bh5 Qg5 16. Nf4 Rg7 17. g3 Qb5 18. Qxb5 Bxb5 19. Rfc1 Rxc1+ 20. Rxc1 e5 21. Ne6 Bxc1 22. Nxg7+ Kf8 23. Nf5 Bxb2 24. Nxd6 Bd3 25. dxe5 Bxe5 26. Nxf7 Bc7 27. f3 Kg7 28. e5 fxe5 29. Ng5 Kh6 30. Ne6 Bb6 31. Bg4 Kg6 32. Kg2 Kf6 33. Nf8 Bd4 34. Bc8 b6 35. Nd7+ Kg7 36. Nb8 a5 37. Ba6 Bc2 38. Kf1 Bd1 39. Be2 Ba4 40. Ke1 Kf6 41. Kd2 Bg1 42. h3 Bf2 43. g4 Kg5 44. Bf1 Kf4 45. Na6 Kxf3 46. Nc7 Bc6 47. Ne6 Be3+ 48. Ke1 Bd5 49. Nc7 Bxa2 50. Nb5 e4 51. Nd6 Bf2+ 52. Kd2 e3+ 53. Kd3 Bb1+ 54. Kc3 e2 0-1

[Event "FIDE Women World Rapid 2024"]
[Site "New York"]
[Date "2024.12.27"]
[Round "7.26"]
[White "Sargsyan, Anna M."]
[Black "Agrest, Inna"]
[Result "1-0"]
[ECO "C55"]
[WhiteElo "2361"]
[BlackElo "2155"]
[Annotator "ChessBase"]
[PlyCount "113"]
[EventDate "2024.12.14"]
[EventType "swiss"]
[EventCountry "USA"]
[SourceTitle "playchess.com"]
[Source "ChessBase"]
[SourceQuality "1"]
[TimeControl "900+10"]

1. e4 e5 2. Nf3 Nc6 3. Bc4 Nf6 4. d3 h6 5. O-O d6 6. Re1 g5 7. d4 Bg4 8. dxe5 Nxe5 9. Be2 Bxf3 10. Bxf3 Bg7 11. Bd2 O-O 12. Bc3 Nfd7 13. Nd2 b5 14. Be2 Rb8 15. a3 Nc5 16. Bd4 a6 17. Rb1 Ne6 18. Bc3 c5 19. Nf1 Re8 20. Ne3 Nf4 21. Nf5 Bf8 22. Bf1 Qf6 23. g3 Nfg6 24. Bg2 Rbd8 25. Ne3 Ne7 26. Qe2 Qg6 27. Rbd1 N5c6 28. f4 Nd4 29. Bxd4 cxd4 30. f5 Qg7 31. Ng4 Nxf5 32. Qf3 Ne3 33. Nf6+ Kh8 34. Nxe8 Rxe8 35. Rd2 Nc4 36. Rf2 Kg8 37. b3 Ne5 38. Qd1 a5 39. Kh1 Nc6 40. e5 Nxe5 41. Qxd4 Re6 42. Ref1 Be7 43. Bd5 Rf6 44. Rxf6 Bxf6 45. Qb6 Be7 46. Qxb5 Qg6 47. Qe2 Bf6 48. c4 Kg7 49. b4 axb4 50. axb4 h5 51. Be4 Qh6 52. b5 h4 53. g4 Qh8 54. b6 Qb8 55. b7 Nd7 56. Bd5 Qa7 57. Qe8 1-0

[Event "FIDE Women World Rapid 2024"]
[Site "New York"]
[Date "2024.12.27"]
[Round "7.26"]
[White "Melekhina, Alisa"]
[Black "Durrfeld, Sofie Bech"]
[Result "1-0"]
[ECO "B25"]
[WhiteElo "2176"]
[BlackElo "1952"]
[Annotator "ChessBase"]
[PlyCount "53"]
[EventDate "2024.12.14"]
[EventType "swiss"]
[EventCountry "USA"]
[SourceTitle "playchess.com"]
[Source "ChessBase"]
[SourceQuality "1"]
[TimeControl "900+10"]

1. e4 c5 2. Nc3 g6 3. g3 Bg7 4. Bg2 Nc6 5. d3 Nf6 6. Nge2 d6 7. O-O Bd7 8. h3 Rb8 9. Be3 b5 10. Qd2 b4 11. Nd1 a5 12. Bh6 O-O 13. Bxg7 Kxg7 14. Ne3 Ne8 15. f4 f5 16. exf5 gxf5 17. d4 e6 18. dxc5 dxc5 19. Rad1 Nf6 20. Nc4 Be8 21. Qe3 Qe7 22. Rd6 Ne4 23. Bxe4 fxe4 24. Qxe4 Nd8 25. f5 Rf6 26. Nf4 e5 27. Nd5 1-0

[Event "FIDE Women World Rapid 2024"]
[Site "New York"]
[Date "2024.12.27"]
[Round "7.27"]
[White "Balajayeva, Khanim"]
[Black "Munguntuul, Batkhuyag"]
[Result "1-0"]
[ECO "B44"]
[WhiteElo "2362"]
[BlackElo "2342"]
[Annotator "ChessBase"]
[PlyCount "69"]
[EventDate "2024.12.14"]
[EventType "swiss"]
[EventCountry "USA"]
[SourceTitle "playchess.com"]
[Source "ChessBase"]
[SourceQuality "1"]
[TimeControl "900+10"]

1. e4 c5 2. Nf3 e6 3. d4 cxd4 4. Nxd4 Nc6 5. Bf4 d6 6. Nxc6 bxc6 7. Bd3 e5 8. Be3 Nf6 9. O-O Be7 10. c4 O-O 11. Nc3 Be6 12. b3 Qc8 13. f3 Bd8 14. Qe2 Bb6 15. Rfd1 Nd7 16. Bc2 Qc7 17. Rd2 Rad8 18. Rad1 Ba5 19. Rd3 Bb4 20. Na4 f5 21. Bg5 Rde8 22. Bd2 Bc5+ 23. Be3 fxe4 24. fxe4 Bxe3+ 25. Qxe3 Bg4 26. R1d2 Rf6 27. h3 Bh5 28. c5 Nxc5 29. Nxc5 dxc5 30. Rd7 Qb6 31. Bd3 Bf7 32. Rf2 Rd8 33. Rxf7 Rxd3 34. R7xf6 Rd1+ 35. Rf1 1-0

[Event "FIDE Women World Rapid 2024"]
[Site "New York"]
[Date "2024.12.27"]
[Round "7.27"]
[White "Noshin, Anjum"]
[Black "Machlik, Monika"]
[Result "1/2-1/2"]
[ECO "B15"]
[WhiteElo "2029"]
[BlackElo "2107"]
[Annotator "NA"]
[PlyCount "139"]
[EventDate "2024.12.14"]
[EventType "swiss"]
[EventCountry "USA"]
[SourceTitle "playchess.com"]
[Source "ChessBase"]
[SourceQuality "1"]
[TimeControl "900+10"]

1. e4 c6 2. d4 d5 3. Nc3 dxe4 4. Nxe4 Nf6 5. Nxf6+ exf6 6. c3 Bd6 7. Bd3 O-O 8. Qc2 Re8+ 9. Ne2 h5 10. O-O h4 11. h3 Be6 12. Bf4 Qc7 13. Qd2 Nd7 14. Bxd6 Qxd6 15. Qf4 Qxf4 16. Nxf4 Nb6 17. Nxe6 Rxe6 18. a4 a5 19. Ra3 Re7 20. Rfa1 g6 21. Rb3 Nd5 22. Bc4 Nf4 23. Rb6 Rd8 24. b4 axb4 25. Rxb4 Rde8 26. Rab1 Re1+ 27. Rxe1 Rxe1+ 28. Kh2 Re7 29. a5 Rc7 30. Rb6 Kg7 31. a6 bxa6 32. Rxa6 Ne6 33. Ra5 Nf4 34. g3 hxg3+ 35. fxg3 Ne6 36. Bxe6 fxe6 37. Rc5 Kf7 38. c4 Ke7 39. Ra5 Rb7 40. Ra6 Kd6 41. Ra8 Rb2+ 42. Kg1 Rd2 43. Rd8+ Ke7 44. Rc8 Kd7 45. Rf8 Ke7 46. Rc8 Rxd4 47. Rxc6 Kd7 48. Rc5 Kd6 49. Rc8 Kd7 50. Rc5 Kd6 51. Rc8 Ke5 52. c5 Rc4 53. c6 Kd6 54. Rf8 f5 55. Rg8 Rxc6 56. Rxg6 Ke5 57. h4 Ke4 58. h5 Rc1+ 59. Kg2 e5 60. h6 Rc8 61. h7 Rh8 62. Rh6 Ke3 63. Kh3 e4 64. Kg2 f4 65. gxf4 Kxf4 66. Kf2 Kg5 67. Rh1 Kg6 68. Ke3 Rxh7 69. Rxh7 Kxh7 70. Kxe4 1/2-1/2

[Event "FIDE Women World Rapid 2024"]
[Site "New York"]
[Date "2024.12.27"]
[Round "7.28"]
[White "Berezovsky, Fiorina"]
[Black "Naisanga Sheba Valentine"]
[Result "1-0"]
[ECO "D37"]
[WhiteElo "1796"]
[BlackElo "1625"]
[Annotator "NA"]
[PlyCount "89"]
[EventDate "2024.12.14"]
[EventType "swiss"]
[EventCountry "USA"]
[SourceTitle "playchess.com"]
[Source "ChessBase"]
[SourceQuality "1"]
[TimeControl "900+10"]

1. d4 d5 2. Nf3 e6 3. c4 Be7 4. Nc3 Nf6 5. Bf4 a6 6. e3 O-O 7. Bd3 dxc4 8. Bxc4 b5 9. Bd3 Bb7 10. Qe2 Nbd7 11. O-O c5 12. dxc5 Nxc5 13. Bc2 Qb6 14. Rad1 Rfd8 15. Bg3 h6 16. Ne5 Rac8 17. Rxd8+ Rxd8 18. Ng4 Qc6 19. Nxf6+ Bxf6 20. f3 Qb6 21. Bf2 Qd6 22. Rd1 Qe7 23. Bb1 Rxd1+ 24. Qxd1 Qd7 25. Qc2 g6 26. h4 h5 27. Ne2 Na4 28. b3 Nb2 29. Nd4 e5 30. Qxb2 exd4 31. exd4 Qd8 32. Be4 Bxe4 33. fxe4 Bxh4 34. Be3 Qf6 35. e5 Qc6 36. Qd2 Bg3 37. d5 Qd7 38. Qd4 Qc7 39. d6 Qc2 40. Kh1 Qc8 41. d7 Qd8 42. Bg5 Qxg5 43. d8=Q+ Qxd8 44. Qxd8+ Kg7 45. Qf6+ 1-0